 Dungeon Crawl Stone Soup version 0.27-a0-1434-g6f15984924 (webtiles) character file.

Game seed: 5885897127976881595

53 AarnesTheHuman the Firebug (level 3, -1/26 HPs)
             Began as a Demonspawn Fire Elementalist on July 3, 2021.
             Slain by a worm (4 damage)
             ... on level 2 of the Dungeon.
             The game lasted 00:07:43 (3162 turns).

AarnesTheHuman the Firebug (DsFE)                   Turns: 3162, Time: 00:07:44

Health: -1/26      AC:  3    Str:  9    XL:     3   Next: 62%
Magic:  6/6        EV: 12    Int: 16    God:
Gold:   64         SH:  0    Dex: 13    Spells: 6/7 levels left

rFire    . . .     SeeInvis .   e - +1 quarterstaff (spect)
rCold    . . .     Faith    .   (shield currently unavailable)
rNeg     . . .     Spirit   .   a - +0 robe
rPois    .         Reflect  .   (no helmet)
rElec    .         Harm     .   c - +0 cloak
rCorr    .         Rampage  .   (no gloves)
Will     .....                  (no boots)
Stlth    ++........             (no amulet)
HPRegen  0.08/turn              (no ring)
MPRegen  0.20/turn              (no ring)

@: no status effects
A: hooves 1, magic regeneration
a: no special abilities


You were on level 2 of the Dungeon.
You visited 1 branch of the dungeon, and saw 3 of its levels.

You collected 64 gold pieces.

Inventory:

Hand Weapons
 b - a +0 dagger
 e - a +1 spectral quarterstaff (weapon)
Armour
 a - a +0 robe (worn)
 c - a +0 cloak (worn)
Jewellery
 j - an amulet of faith
Scrolls
 f - a scroll of amnesia {unknown}
 g - a scroll of blinking {unknown}
 h - a scroll of noise {unknown}
 i - a scroll of identify {unknown}
 k - a scroll of immolation {unknown}
 m - a scroll of magic mapping {unknown}
Potions
 d - a potion of degeneration {unknown}
 l - 2 potions of might {unknown}


   Skills:
 + Level 1.3 Fighting
 - Level 1.7 Dodging
 - Level 1.7 Stealth
 + Level 2.5 Spellcasting
 + Level 2.0 Conjurations
 + Level 3.1 Fire Magic


You had 6 spell levels left.
You knew the following spells:

 Your Spells              Type           Power      Damage    Failure   Level
a - Foxfire               Conj/Fire      40%        2x1d6     7%          1

Your spell library contained the following spells:

 Spells                   Type           Power      Damage    Failure   Level
 Conjure Flame            Conj/Fire      10%        6-21      21%         3
 Blink                    Tloc           N/A        N/A       30%         2
 Inner Flame              Hex/Fire       7%         N/A       30%         3
 Frozen Ramparts          Ice            4%         1d2       52%         3
 Sticky Flame             Conj/Fire      10%        2d3       56%         4
 Fireball                 Conj/Fire      5%         3d5       88%         5
 Ice Form                 Ice/Tmut       2%         N/A       89%         4
 Summon Ice Beast         Ice/Summ       2%         N/A       89%         4
 Manifold Assault         Tloc           2%         N/A       99%         5
 Storm Form               Tmut/Air       1%         N/A       100%        7


Dungeon Overview and Level Annotations

Branches:
Dungeon (3/15)

Altars:
Hepliaklqana


Innate Abilities, Weirdness & Mutations

You have large cloven feet.
You regenerate magic rapidly.


Message History

You hear some strange, mumbled words.
Something tries to affect you, but you resist.
You feel less confused.
The orc shouts!
The orc hits you with a +0 flail. The jackal bites you.
There is a stone staircase leading up, spattered with blood here.
The jackal barely misses you.
You climb upwards.
Reactivating autopickup.
There is a stone staircase leading down here.
You hit the jackal.
You kill the jackal!
No target in view!
You start resting.
HP restored.
You climb downwards.
The jackal bites you.
The jackal bites you but does no damage.
The orc closely misses you. The orc barely misses you.
The worm barely misses you.
There is a stone staircase leading up, spattered with blood here.
The jackal barely misses you. The orc wizard casts a spell at you.
The puff of flame hits you! The orc hits you with a +0 club.
The orc hits you with a +0 flail. The jackal closely misses you.
You climb upwards.
There is a stone staircase leading down here.
You sock the orc!
You kill the orc!
The worm barely misses you. The jackal closely misses you.
Your Conjurations skill increases to level 2!
You hit the jackal but do no damage. The jackal bites you.
* * * LOW HITPOINT WARNING * * *
The worm barely misses you.
You closely miss the jackal. Your kick misses the jackal.
The jackal misses you. The jackal bites you.
* * * LOW HITPOINT WARNING * * *
You hit the jackal but do no damage. The jackal closely misses you.
The worm bites you.
You die...

#####################
#....g..............#
#g#################.# ######
#.# #.# .....# #.# #g#
.....###.######### #.#
.....'........ow@# #.#
.....###.###.###h# #.#
###### #.###.###.#########.#
#.#.....#.#.....g...#
#.#.#.#.#.#.######### #
#.#.#...#.#.########### #
#.#.#...#.............# #
#.#.#.#...#.#########.# #
######.#.#.#.#..<#.......#.#


You could see a worm, an orc and a jackal.

Vanquished Creatures
  A worm (D:2)
  A dart slug (D:1)
  4 orcs
  5 endoplasms
  A giant cockroach (D:2)
  3 goblins
  6 hobgoblins
  A jackal (D:2)
  A quokka (D:2)
  6 ball pythons
  6 bats
  3 frilled lizards
  2 kobolds
  3 rats
43 creatures vanquished.

Vanquished Creatures (others)
  41 foxfires
  2 plants (D:3)
43 creatures vanquished.

Grand Total: 86 creatures vanquished

Notes
Turn   | Place    | Note
-------+----------+-------------------------------------------
     0 | D:1      | AarnesTheHuman the Demonspawn Fire Elementalist began the
                  | quest for the Orb.
     0 | D:1      | Reached XP level 1. HP: 13/13 MP: 3/3
   563 | D:1      | Gained mutation: You have large cloven feet. [demonic
                  | ancestry]
   563 | D:1      | Reached XP level 2. HP: 15/20 MP: 1/5
  1208 | D:1      | Found a faded altar of an unknown god.
  1276 | D:2      | Reached skill level 1 in Fighting
  1302 | D:2      | Reached skill level 3 in Fire Magic
  1519 | D:2      | Gained mutation: You regenerate magic rapidly. [demonic
                  | ancestry]
  1519 | D:2      | Reached XP level 3. HP: 26/26 MP: 2/6
  2488 | D:3      | Found a hazy altar of Hepliaklqana.
  3162 | D:2      | Slain by a worm

Illustrated notes

Levels and vault maps discovered:
D:1:      wander_arrival_desolate, layout_loops_ring,
          shapermc_ecumenical_altar_mp_highgroup, minmay_lizard_pond
D:2:      layout_basic
D:3:      layout_rooms, lightli_temple_of_fire,
          nicolae_hepliaklqana_hazy_memory, kennysheep_small_spiral

Skill      XL: |  1  2  3 |
---------------+----------+-----
Fighting       | 1 |  1.3
Fire Magic     | 3 |  3.1
Conjurations   | 2 |  2.0
Dodging        | |  1.7
Stealth        | |  1.7
Spellcasting   | |  2.5

Action                   || total
-------------------------++-------
Melee: Dagger            ||    62
       Unarmed           ||     6
       Kick              ||    17
       Quarterstaff      ||    44
 Cast: Foxfire           ||    33
 Stab: Sleeping          ||     2
Armor: Robe              ||    43
Dodge: Dodged            ||   104

Table legend: (Time is in decaauts)
 A = Elapsed time spent in this place.
 B = Non-inter-level travel time spent in this place.
 C = Inter-level travel time spent in this place.
 D = Time resting spent in this place.
 E = Time spent auto-exploring this place.
 F = Levels seen in this place.
 G = Mean time per level.
                   A        B        C        D        E       F      G
               +--------+--------+--------+--------+--------+-----+--------+
         Total |   3181 |   3145 |     36 |    582 |   1977 |   3 | 1060.3 |
       Dungeon |   3181 |   3145 |     36 |    582 |   1977 |   3 | 1060.3 |
               +--------+--------+--------+--------+--------+-----+--------+

Top non-repeatable levels by time:
     D:2: 1672 daAuts
     D:1: 1412 daAuts
     D:3: 96 daAuts
